 Dungeon Crawl Stone Soup version 0.30-b1-2-g02819fbbbe (webtiles) character file.

Game seed: 14267161223914712066

100 Fartwhistle the Skirmisher (level 4, 0/38 HPs)
             Began as a Gnoll Hunter on Sept 12, 2023.
             Succumbed to a scorpion's poison
             ... on level 3 of the Dungeon.
             The game lasted 00:02:30 (1788 turns).

Fartwhistle the Skirmisher (Gnoll Hunter)           Turns: 1788, Time: 00:02:30

Health: 0/38       AC:  5    Str: 11    XL:     4   Next: 73%
Magic:  5/5        EV: 12    Int: 10    God:
Gold:   115        SH:  0    Dex: 15    Spells: 5/5 levels left

rFire   . . .        a - +0 shortbow
rCold   . . .        (shield currently unavailable)
rNeg    . . .        g - +0 ring mail
rPois   .            (no helmet)
rElec   .            (no cloak)
rCorr   .            (no gloves)
SInv    .            (no boots)
Will    .....        (no amulet)
Stlth   ++           (no ring)
HPRegen 0.26/turn    (no ring)
MPRegen 0.09/turn

%: no passive effects
@: lethally poisoned (0 -> -8), flying
A: fangs 1, strong nose, distributed training
a: no special abilities


You were on level 3 of the Dungeon.
You visited 1 branch of the dungeon, and saw 3 of its levels.

You collected 115 gold pieces.

Inventory:

Hand Weapons
 a - a +0 shortbow (weapon)
Missiles
 f - 8 javelins
 p - 4 poisoned darts
Armour
 c - a +0 leather armour
 g - a +0 ring mail (worn)
Scrolls
 b - 3 scrolls of immolation
 h - a scroll of enchant armour {unknown}
 j - 3 scrolls of identify {unknown}
 o - a scroll of teleportation {unknown}
Potions
 d - 2 potions of haste {unknown}
 e - a potion of flight
 i - 2 potions of curing {unknown}
 k - a potion of resistance {unknown}
 l - a potion of berserk rage {unknown}
 m - a potion of attraction {unknown}
 n - a potion of ambrosia {unknown}


   Skills:
 + Level 4.7 Fighting
 + Level 1.2 Short Blades
 + Level 1.2 Long Blades
 + Level 1.2 Axes
 + Level 1.2 Maces & Flails
 + Level 1.2 Polearms
 + Level 1.2 Staves
 + Level 8.6 Ranged Weapons
 + Level 1.2 Throwing
 + Level 1.2 Armour
 + Level 4.7 Dodging
 + Level 2.6 Stealth
 + Level 1.2 Shields
 + Level 1.2 Unarmed Combat
 + Level 1.2 Spellcasting
 + Level 1.0 Conjurations
 + Level 1.0 Hexes
 + Level 1.0 Summonings
 + Level 1.0 Necromancy
 + Level 1.0 Translocations
 + Level 1.0 Transmutations
 + Level 1.0 Fire Magic
 + Level 1.0 Ice Magic
 + Level 1.0 Air Magic
 + Level 1.0 Earth Magic
 + Level 1.0 Poison Magic
 + Level 1.4 Invocations
 + Level 1.2 Evocations


You had 5 spell levels left.
You didn't know any spells.
Your spell library contained the following spells:

 Spells                   Type           Power      Damage    Failure   Level
 Beastly Appendage        Tmut           4%         N/A       45%         1
 Wereblood                Tmut           2%         N/A       61%         2
 Spider Form              Tmut/Pois      2%         N/A       83%         3
 Summon Ice Beast         Ice/Summ       2%         N/A       99%         4
 Summon Mana Viper        Hex/Summ       2%         N/A       100%        5
 Monstrous Menagerie      Summ           1%         N/A       100%        7


Dungeon Overview and Level Annotations

Branches:
Dungeon (3/15)

Altars:
Ashenzari

Annotations:
D:2 Natasha


Innate Abilities, Weirdness & Mutations

You have very sharp teeth.
Your uncanny sense of smell can sniff out nearby items.
Your experience applies equally to all skills.


Message History

You are lethally poisoned!
The scorpion poisons you!
You shoot an arrow. The arrow hits the scorpion!
The scorpion is almost dead.
You feel extremely sick. The scorpion barely misses you.
You are too injured to fight recklessly!
Unknown command.
You are too injured to fight recklessly!
Unknown command.
You are too injured to fight recklessly!
Fire: a) +0 shortbow
Press: ? - help, Q - select action, (/) - cycle Shift-Dir - straight line, f/p - scorpion
Aim: a scorpion (almost dead, 65% to hit)
You shoot an arrow.
The arrow hits the scorpion but does no damage.
The scorpion is almost dead.
* * * LOW HITPOINT WARNING * * *
You feel very sick. The scorpion barely misses you.
The scorpion completely misses you.
Fire: a) +0 shortbow
Press: ? - help, Q - select action, (/) - cycle Shift-Dir - straight line, f/p - scorpion
Aim: a scorpion (severely wounded, 65% to hit)
You shoot an arrow. The arrow closely misses the scorpion.
* * * LOW HITPOINT WARNING * * *
You feel very sick. The scorpion misses you.
Fire: a) +0 shortbow
Press: ? - help, Q - select action, (/) - cycle Shift-Dir - straight line, f/p - scorpion
Aim: a scorpion (severely wounded, 65% to hit)
You shoot an arrow. The arrow closely misses the scorpion.
* * * LOW HITPOINT WARNING * * *
You feel very sick. The scorpion stings you.
* * * LOW HITPOINT WARNING * * *
The scorpion stings you but does no damage.
It was a potion of flight.
You feel very buoyant.
You fly up into the air.
You die... # #PP~# .P~~. .~~~P .P♣~. #PP~P

# [P~≈. ####.##...
.~P♣~
#.@s...........PP♣♣
#.##.#####.>...P~♣≈
#.##.# #..##..~~≈
#.##.# #..##..P.~
#.##.# #........P
#.##.# #.......PP
#.##.#####.........
###.##.............#P
#.............###..##


You could see a scorpion.

Vanquished Creatures
  Natasha (D:2)
  2 adders (D:2)
  A worm (D:2)
  A dart slug (D:2)
  6 endoplasms
  11 goblins
  4 hobgoblins
  4 quokkas
  6 ball pythons
  A bat (D:1)
  4 frilled lizards
  5 kobolds
  2 rats (D:2)
48 creatures vanquished.

Vanquished Creatures (others)
  12 plants (D:3)
12 creatures vanquished.

Grand Total: 60 creatures vanquished

Notes
Turn   | Place    | Note
-------+----------+-------------------------------------------
     0 | D:1      | Fartwhistle the Gnoll Hunter began the quest for the Orb.
     0 | D:1      | Reached XP level 1. HP: 20/20 MP: 1/1
   151 | D:1      | Reached XP level 2. HP: 26/26 MP: 2/2
   861 | D:2      | Noticed Natasha
   867 | D:2      | Killed Natasha
   868 | D:2      | Reached skill level 1 in Short Blades
   868 | D:2      | Reached skill level 1 in Long Blades
   868 | D:2      | Reached skill level 1 in Axes
   868 | D:2      | Reached skill level 1 in Maces & Flails
   868 | D:2      | Reached skill level 1 in Polearms
   868 | D:2      | Reached skill level 1 in Staves
   868 | D:2      | Reached skill level 1 in Throwing
   868 | D:2      | Reached skill level 1 in Armour
   868 | D:2      | Reached skill level 1 in Shields
   868 | D:2      | Reached skill level 1 in Unarmed Combat
   868 | D:2      | Reached skill level 1 in Spellcasting
   868 | D:2      | Reached skill level 1 in Invocations
   868 | D:2      | Reached skill level 1 in Evocations
   868 | D:2      | Reached XP level 3. HP: 31/31 MP: 2/4
   984 | D:2      | Reached XP level 4. HP: 30/38 MP: 5/5
  1092 | D:2      | Noticed Natasha
  1258 | D:2      | Reached skill level 1 in Conjurations
  1258 | D:2      | Reached skill level 1 in Hexes
  1258 | D:2      | Reached skill level 1 in Summonings
  1258 | D:2      | Reached skill level 1 in Necromancy
  1258 | D:2      | Reached skill level 1 in Translocations
  1258 | D:2      | Reached skill level 1 in Transmutations
  1258 | D:2      | Reached skill level 1 in Fire Magic
  1258 | D:2      | Reached skill level 1 in Ice Magic
  1258 | D:2      | Reached skill level 1 in Air Magic
  1258 | D:2      | Reached skill level 1 in Earth Magic
  1258 | D:2      | Reached skill level 1 in Poison Magic
  1353 | D:2      | Found a faded altar of an unknown god.
  1471 | D:3      | Found a broken altar of Ashenzari.
  1777 | D:3      | Noticed a scorpion
  1787 | D:3      | HP: 1/38 [scorpion (2)]
  1788 | D:3      | Succumbed to a scorpion's poison

Illustrated notes

Levels and vault maps discovered:
D:1:      minmay_arrival_four_loops, layout_basic
D:2:      layout_rooms, dreamdust_ecumenical_altar_angels_and_demons,
          nicolae_concentric_dashed_squares_mild, minmay_misc_feat_encased,
          uniq_natasha
D:3:      layout_basic, mainiacjoe_overflow_brackets,
          gammafunk_temple_overflow_claw, serial_bayou, serial_bayou_crossing,
          serial_bayou_lagoon_a, serial_bayou_pond_a, serial_bayou_pond_c

Skill      XL: |  1  2  3  4 |
---------------+-------------+-----
Short Blades   | 1 |  1.2
Long Blades    | 1 |  1.2
Axes           | 1 |  1.2
Maces & Flails | 1 |  1.2
Polearms       | 1 |  1.2
Staves         | 1 |  1.2
Throwing       | 1 |  1.2
Armour         | 1 |  1.2
Shields        | 1 |  1.2
Unarmed Combat | 1 |  1.2
Spellcasting   | 1 |  1.2
Invocations    | 1 |  1.4
Evocations     | 1 |  1.2
Conjurations   | 1 |  1.0
Hexes          | 1 |  1.0
Summonings     | 1 |  1.0
Necromancy     | 1 |  1.0
Translocations | 1 |  1.0
Transmutations | 1 |  1.0
Fire Magic     | 1 |  1.0
Ice Magic      | 1 |  1.0
Air Magic      | 1 |  1.0
Earth Magic    | 1 |  1.0
Poison Magic   | 1 |  1.0
Fighting       | |  4.7
Ranged Weapons | |  8.6
Dodging        | |  4.7
Stealth        | |  2.6

Action                     |  1- 3 |  4- 6 || total
---------------------------+-------+-------++-------
   Fire: Shortbow          |    66 |    53 ||   119
    Use: Potion            |       |     1 ||     1
 Armour: Leather armour    |     1 |       ||     1
         Ring mail         |     3 |     3 ||     6
  Dodge: Dodged            |     4 |     8 ||    12
